Map: 공허 분쇄

Players

호에엥

  • Race: Terran Terran
  • Spawn Location: 6:00

SIN

  • Race: Protoss Protoss
  • Spawn Location: 9:00

VOD

Have the link to the VOD?

Description

Time

  • Played on: Sept. 16, 2021, 1:11 a.m.
  • Length: 9:01
Show
View Real Time Build Order
Export as new Build Order

호에엥 Terran 

Build Orders:  

Get SALT Encoding   

Show
View Real Time Build Order
Export as new Build Order

SIN Protoss 

Build Orders:  

Get SALT Encoding   

  12  0:10  Assimilator  
  12  0:19  Assimilator  
  12  0:24  Probe (Chrono Boost)  
  13  0:34  Mothership  
  13  0:38  Probe (Chrono Boost)  
  14  0:48  Pylon  
  14  0:52  Probe (Chrono Boost)  
  15  1:13  Probe (Chrono Boost)  
  16  1:26  Probe (Chrono Boost)  
  17  1:40  Probe (Chrono Boost)  
  18  1:54  Probe (Chrono Boost)  
  19  2:53  Pylon  
  19  3:26  Pylon  
  31  4:13  Pylon  
  46  6:09  Pylon  
  46  6:12  Pylon  
  52  7:43  Pylon  
  52  7:46  Pylon  
Tags
 
Add a new tag
Caveats
  • Supply blocks, unpowered buildings, or Contaminate may cause inaccurate times.
  • Supply counts are checked every 10 seconds.